PCL
ALBUQUERQUE ISOTOPES @ SANTA MONICA BRUINS
05/14/2028
 
TOP OF THE 1ST
Albuquerque Isotopes batting - Pitching for Santa Monica Bruins : RHP Jim Hendon
Pitching: RHP Jim Hendon
Batting: RHB Gonzalo Gil 0-0: Ball
1-0: Ball
2-0: Ball
3-0: Called Strike
3-1: Base on Balls
Batting: SHB Clint Woods 0-0: Ball
Gonzalo Gil steals 2nd base
1-0: Foul Ball, location: 2F
1-1: Fly out, F8 (Flyball, 8LM)
Batting: RHB Nick Harris 0-0: Ball
1-0: SINGLE (Groundball, 5D)
Gonzalo Gil to third
Runner from 3rd tries for Home, SAFE, no throw
Batting: RHB Will Lott 0-0: Foul Ball, location: 2F
0-1: Ball
1-1: Grounds into double play, 6-4-3 (Groundball, 6)
Top of the 1st over - 1 run(s), 1 hit(s), 0 error(s), 0 left on base; Albuquerque 1 - Santa Monica 0
BOTTOM OF THE 1ST
Santa Monica Bruins batting - Pitching for Albuquerque Isotopes : LHP Rick Wilson
Pitching: LHP Rick Wilson
Batting: RHB António López 0-0: Ball
1-0: Called Strike
1-1: Ground out 6-3 (Groundball, 6)
Batting: RHB Alfredo López 0-0: Swinging Strike
0-1: Foul Ball, location: 2F
0-2: Foul Ball, location: 2F
0-2: Strikes out looking
Batting: RHB Roberto Cruz 0-0: Ball
1-0: Ground out 6-3 (Groundball, 6)
Bottom of the 1st over - 0 run(s), 0 hit(s), 0 error(s), 0 left on base; Albuquerque 1 - Santa Monica 0
TOP OF THE 2ND
Albuquerque Isotopes batting - Pitching for Santa Monica Bruins : RHP Jim Hendon
Batting: LHB Bernardo Montés 0-0: Ball
1-0: Ball
2-0: Ball
3-0: Called Strike
3-1: Base on Balls
Batting: LHB Fernando Ortíz 0-0: Called Strike
0-1: Called Strike
0-2: Ball
1-2: Foul Ball, location: 2F
1-2: Strikes out swinging
Batting: LHB José González 0-0: Ball
1-0: Grounds into double play, 1-4-3 (Groundball, 15)
Top of the 2nd over - 0 run(s), 0 hit(s), 0 error(s), 0 left on base; Albuquerque 1 - Santa Monica 0
BOTTOM OF THE 2ND
Santa Monica Bruins batting - Pitching for Albuquerque Isotopes : LHP Rick Wilson
Batting: RHB Luis Martínez 0-0: Ball
1-0: Called Strike
1-1: Foul Ball, location: 2F
1-2: Ball
2-2: Foul Ball, location: 2F
2-2: SINGLE (Line Drive, 78S)
Batting: RHB Johnny Williams 0-0: Ball
1-0: Ball
2-0: Called Strike
2-1: Foul Ball, location: 2F
2-2: Ground out 2-3 (Groundball, 15S)
Luis Martínez to second
Batting: RHB Bonifacio Torres 0-0: Ball
1-0: Ball
2-0: Ball
3-0: Called Strike
3-1: Ground out 5-3 (Groundball, 56S)
Luis Martínez to third
Batting: RHB Ernest Russell 0-0: Ball
1-0: Ball
2-0: Called Strike
2-1: Ball
3-1: Foul Ball, location: 2F
3-2: DOUBLE (Line Drive, 7LM)
Luis Martínez scores
Batting: LHB Francisco Medina 0-0: Called Strike
0-1: SINGLE (Flyball, 4MD)
Ernest Russell to third
Runner from 3rd tries for Home, SAFE, no throw
Batting: LHB Ken Phillips 0-0: Ball
1-0: Called Strike
1-1: Ball
Francisco Medina steals 2nd base
2-1: SINGLE (Line Drive, 34D)
Francisco Medina to third
Batting: RHB António López 0-0: Ball
1-0: Fielders Choice at 2nd, 4-6 (Groundball, 4)
Bottom of the 2nd over - 2 run(s), 4 hit(s), 0 error(s), 1 left on base; Albuquerque 1 - Santa Monica 2
TOP OF THE 3RD
Albuquerque Isotopes batting - Pitching for Santa Monica Bruins : RHP Jim Hendon
Batting: RHB Sam Wallace 0-0: Ball
1-0: Ball
2-0: Ball
3-0: Called Strike
3-1: Called Strike
3-2: Base on Balls
Batting: RHB Jesse McKnight 0-0: Swinging Strike
0-1: Ball
1-1: Foul Ball, location: 2F
1-2: SINGLE (Line Drive, 4MD)
Sam Wallace to second
Batting: RHB Gonzalo Gil 0-0: Reached on error, E3 (Groundball, 34)
Sam Wallace to third
Jesse McKnight to second
Batting: SHB Clint Woods 0-0: Swinging Strike
0-1: Called Strike
0-2: SINGLE (Line Drive, 78M)
Sam Wallace scores
Jesse McKnight to third
Gonzalo Gil to second
Batting: RHB Nick Harris 0-0: Ball
1-0: Called Strike
1-1: Ball
2-1: Ball
3-1: Base on Balls
Jesse McKnight scores
Gonzalo Gil to third
Clint Woods to second
Batting: RHB Will Lott 0-0: Called Strike
0-1: Ball
1-1: Foul Ball, location: 2F
1-2: Strikes out swinging
Batting: LHB Bernardo Montés 0-0: Ball
1-0: Ball
2-0: Ball
3-0: Called Strike
3-1: Foul Ball, location: 2F
3-2: Foul Ball, location: 2F
3-2: Grounds into double play, 6-4-3 (Groundball, 6MD)
Top of the 3rd over - 2 run(s), 2 hit(s), 1 error(s), 2 left on base; Albuquerque 3 - Santa Monica 2
BOTTOM OF THE 3RD
Santa Monica Bruins batting - Pitching for Albuquerque Isotopes : LHP Rick Wilson
Batting: RHB Alfredo López 0-0: Ball
1-0: Called Strike
1-1: Ball
2-1: Ground out 4-3 (Groundball, 4S)
Batting: RHB Roberto Cruz 0-0: Ball
1-0: Called Strike
1-1: Foul Ball, location: 2F
1-2: Ground out 5-3 (Groundball, 5)
Batting: RHB Luis Martínez 0-0: Ball
1-0: Foul Ball, location: 2F
1-1: Ball
2-1: Foul Ball, location: 2F
2-2: Fly out, F9 (Flyball, 9S)
Bottom of the 3rd over - 0 run(s), 0 hit(s), 0 error(s), 0 left on base; Albuquerque 3 - Santa Monica 2
TOP OF THE 4TH
Albuquerque Isotopes batting - Pitching for Santa Monica Bruins : RHP Jim Hendon
Batting: LHB Fernando Ortíz 0-0: Foul Ball, location: 2F
0-1: Called Strike
0-2: Ball
1-2: Foul Ball, location: 2F
1-2: Foul Ball, location: 2F
1-2: Foul Ball, location: 2F
1-2: Ball
2-2: Foul Ball, location: 2F
2-2: Foul Ball, location: 2F
2-2: SINGLE (Groundball, 4D)
Batting: LHB José González 0-0: Called Strike
0-1: Grounds into double play, 3-6-3 (Groundball, 3)
Batting: RHB Sam Wallace 0-0: Ball
1-0: Called Strike
1-1: Called Strike
1-2: SINGLE (Groundball, 3D)
Batting: RHB Jesse McKnight 0-0: Ball
1-0: Ball
2-0: Foul Ball, location: 2F
2-1: Called Strike
2-2: Ball
3-2: Strikes out swinging
Top of the 4th over - 0 run(s), 2 hit(s), 0 error(s), 1 left on base; Albuquerque 3 - Santa Monica 2
BOTTOM OF THE 4TH
Santa Monica Bruins batting - Pitching for Albuquerque Isotopes : LHP Rick Wilson
Batting: RHB Johnny Williams 0-0: Ball
1-0: Ball
2-0: Called Strike
2-1: Ball
3-1: Foul Ball, location: 2F
3-2: Base on Balls
Batting: RHB Bonifacio Torres 0-0: SINGLE (Groundball, 6MD)
Johnny Williams to second
Johnny Williams to third
Batting: RHB Ernest Russell 0-0: Ball
1-0: Ball
2-0: Ball
3-0: Base on Balls
Bonifacio Torres to second
Batting: LHB Francisco Medina 0-0: Ball
1-0: Foul Ball, location: 2F
1-1: Ball
2-1: Foul Ball, location: 2F
2-2: Foul Ball, location: 2F
2-2: SINGLE (Groundball, 34D)
Johnny Williams scores
Bonifacio Torres to third
Ernest Russell to second
Batting: LHB Ken Phillips 0-0: Swinging Strike
0-1: Ball
1-1: GRAND SLAM HOME RUN (Flyball, 8LD), Distance : 411 ft
Pitching: RHP Shiki Kanno
Batting: RHB António López 0-0: Ball
1-0: Fly out, F8 (Flyball, 8RD)
Batting: RHB Alfredo López 0-0: Ball
1-0: Foul Ball, location: 2F
1-1: Called Strike
1-2: Ball
2-2: DOUBLE (Line Drive, 7LM)
Batting: RHB Roberto Cruz 0-0: Foul Ball, location: 2F
0-1: Ball
1-1: Foul Ball, location: 2F
1-2: Ball
2-2: Ball
3-2: Base on Balls
Batting: RHB Luis Martínez 0-0: Foul Ball, location: 2F
0-1: Called Strike
0-2: Ball
1-2: Strikes out looking
Batting: RHB Johnny Williams 0-0: Ball
1-0: Ball
2-0: Foul Ball, location: 2F
2-1: Called Strike
2-2: Strikes out swinging
Bottom of the 4th over - 5 run(s), 4 hit(s), 0 error(s), 2 left on base; Albuquerque 3 - Santa Monica 7
TOP OF THE 5TH
Albuquerque Isotopes batting - Pitching for Santa Monica Bruins : RHP Jim Hendon
Batting: RHB Gonzalo Gil 0-0: Called Strike
0-1: Ball
1-1: Swinging Strike
1-2: Foul Ball, location: 2F
1-2: Foul Ball, location: 2F
1-2: Fly out, F9 (Flyball, 9LM)
Batting: SHB Clint Woods 0-0: Called Strike
0-1: Foul Ball, location: 2F
0-2: Strikes out swinging
Batting: RHB Nick Harris 0-0: Ball
1-0: Swinging Strike
1-1: Foul Ball, location: 2F
1-2: Strikes out swinging
Top of the 5th over - 0 run(s), 0 hit(s), 0 error(s), 0 left on base; Albuquerque 3 - Santa Monica 7
BOTTOM OF THE 5TH
Santa Monica Bruins batting - Pitching for Albuquerque Isotopes : RHP Shiki Kanno
Batting: RHB Bonifacio Torres 0-0: Fly out, F6 (Popup, 56)
Batting: RHB Ernest Russell 0-0: Called Strike
0-1: Ball
1-1: Foul Ball, location: 2F
1-2: Ball
2-2: Ball
3-2: Base on Balls
Batting: LHB Francisco Medina 0-0: Called Strike
Ernest Russell steals 2nd base
0-1: Foul Ball, location: 2F
0-2: DOUBLE (Flyball, 89XD)
Ernest Russell scores
Batting: LHB Ken Phillips 0-0: Called Strike
0-1: SINGLE (Groundball, 4MD)
Francisco Medina to third
Runner from 3rd tries for Home, SAFE, no throw
Batting: RHB António López 0-0: Ball
1-0: Swinging Strike
1-1: Foul Ball, location: 2F
1-2: Foul Ball, location: 2F
1-2: Fielders Choice at 2nd, 5-4 (Groundball, 56)
Batting: RHB Alfredo López 0-0: Ball
1-0: Ball
2-0: Called Strike
2-1: Ball
António López is caught stealing 2nd base
Bottom of the 5th over - 2 run(s), 2 hit(s), 0 error(s), 0 left on base; Albuquerque 3 - Santa Monica 9
TOP OF THE 6TH
Albuquerque Isotopes batting - Pitching for Santa Monica Bruins : RHP Jim Hendon
Batting: RHB Will Lott 0-0: Ball
1-0: Ball
2-0: Called Strike
2-1: Swinging Strike
2-2: Foul Ball, location: 2F
2-2: Foul Ball, location: 2F
2-2: Ball
3-2: SINGLE (Flyball, 9LS)
Batting: LHB Bernardo Montés 0-0: Foul Ball, location: 2F
0-1: Foul Ball, location: 2F
0-2: Ball
1-2: Foul Ball, location: 2F
1-2: Ball
2-2: Fly out, F4 (Popup, 3)
Pitching: RHP Mario Chávez
Batting: LHB Fernando Ortíz 0-0: Called Strike
0-1: Ball
1-1: Called Strike
1-2: Foul Ball, location: 2F
1-2: Strikes out swinging
Batting: LHB José González 0-0: Ball
1-0: Ball
2-0: Called Strike
2-1: Ball
3-1: Foul Ball, location: 2F
3-2: Ground out 3-1 (Groundball, 34)
Top of the 6th over - 0 run(s), 1 hit(s), 0 error(s), 1 left on base; Albuquerque 3 - Santa Monica 9
BOTTOM OF THE 6TH
Santa Monica Bruins batting - Pitching for Albuquerque Isotopes : RHP Shiki Kanno
Batting: RHB Alfredo López 0-0: Called Strike
0-1: Ground out 6-3 (Groundball, 56)
Pitching: RHP Germán Hernández
Batting: RHB Roberto Cruz 0-0: Called Strike
0-1: Ball
1-1: Called Strike
1-2: Strikes out swinging
Batting: RHB Luis Martínez 0-0: Ball
1-0: Foul Ball, location: 2F
1-1: Ball
2-1: Foul Ball, location: 2F
2-2: SINGLE (Flyball, 78S)
Batting: RHB Johnny Williams 0-0: Foul Ball, location: 2F
0-1: Ball
1-1: Swinging Strike
1-2: Ball
2-2: Ball
3-2: Strikes out looking
Bottom of the 6th over - 0 run(s), 1 hit(s), 0 error(s), 1 left on base; Albuquerque 3 - Santa Monica 9
TOP OF THE 7TH
Albuquerque Isotopes batting - Pitching for Santa Monica Bruins : RHP Mario Chávez
Batting: RHB Sam Wallace 0-0: Ball
1-0: Called Strike
1-1: Ball
2-1: Foul Ball, location: 2F
2-2: Ball
3-2: Base on Balls
Batting: RHB Jesse McKnight 0-0: Called Strike
0-1: Ball
1-1: Ball
2-1: Ball
3-1: Foul Ball, location: 2F
3-2: Strikes out swinging
Batting: RHB Gonzalo Gil 0-0: Ball
1-0: Ball
2-0: Foul Ball, location: 2F
2-1: Foul Ball, location: 2F
2-2: Foul Ball, location: 2F
2-2: Strikes out looking
Batting: SHB Clint Woods 0-0: Swinging Strike
0-1: Ball
1-1: Ball
2-1: Ground out 4-3 (Groundball, 34)
Top of the 7th over - 0 run(s), 0 hit(s), 0 error(s), 1 left on base; Albuquerque 3 - Santa Monica 9
BOTTOM OF THE 7TH
Santa Monica Bruins batting - Pitching for Albuquerque Isotopes : RHP Germán Hernández
Batting: RHB Bonifacio Torres 0-0: Called Strike
0-1: Ball
1-1: Ball
2-1: Swinging Strike
2-2: Foul Ball, location: 2F
2-2: Foul Ball, location: 2F
2-2: Ball
3-2: Strikes out looking
Batting: RHB Ernest Russell 0-0: Ball
1-0: Called Strike
1-1: Fly out, F4 (Popup, 4D)
Batting: LHB Francisco Medina 0-0: Swinging Strike
0-1: Fly out, F7 (Flyball, 7)
Bottom of the 7th over - 0 run(s), 0 hit(s), 0 error(s), 0 left on base; Albuquerque 3 - Santa Monica 9
TOP OF THE 8TH
Albuquerque Isotopes batting - Pitching for Santa Monica Bruins : RHP Mario Chávez
Now in LF: Ricardo Guzmán
Batting: RHB Nick Harris 0-0: Foul Ball, location: 2F
0-1: Foul Ball, location: 2F
0-2: SINGLE (Line Drive, 6MD)
Batting: RHB Will Lott 0-0: Ball
1-0: Foul Ball, location: 2F
1-1: Called Strike
1-2: Strikes out swinging
Batting: LHB Bernardo Montés 0-0: Called Strike
0-1: Ball
1-1: Ball
2-1: Ball
3-1: Base on Balls
Nick Harris to second
Batting: LHB Fernando Ortíz 0-0: Ball
1-0: Foul Ball, location: 2F
1-1: Grounds out, U3 (Groundball, 3L)
Nick Harris to third
Batting: LHB José González 0-0: Fly out, F9 (Line Drive, 89D)
Top of the 8th over - 0 run(s), 1 hit(s), 0 error(s), 2 left on base; Albuquerque 3 - Santa Monica 9
BOTTOM OF THE 8TH
Santa Monica Bruins batting - Pitching for Albuquerque Isotopes : RHP Germán Hernández
Batting: RHB Ricardo Guzmán 0-0: Called Strike
0-1: Ball
1-1: SINGLE (Groundball, 56S) (infield hit)
Batting: RHB António López 0-0: Fly out, F8 (Flyball, 8RD)
Batting: RHB Alfredo López 0-0: Ball
1-0: Ball
2-0: Ball
3-0: Called Strike
3-1: DOUBLE (Line Drive, 7LM)
Ricardo Guzmán to third
Runner from 3rd tries for Home, SAFE, no throw
Pitching: RHP Howard Joyce
Batting: RHB Roberto Cruz 0-0: Called Strike
0-1: Ball
1-1: Ball
2-1: Swinging Strike
2-2: SINGLE (Flyball, 8LS)
Alfredo López to third
Runner from 3rd tries for Home, throw and OUT!
Roberto Cruz to second
Batting: RHB Luis Martínez 0-0: Called Strike
0-1: Called Strike
0-2: SINGLE (Line Drive, 78S)
Roberto Cruz to third
Batting: RHB Johnny Williams 0-0: Ball
1-0: Called Strike
1-1: 3-RUN HOME RUN (Line Drive, 7LD), Distance : 354 ft
Pitching: RHP Xavier Castańera
Batting: RHB Bonifacio Torres 0-0: SINGLE (Line Drive, 89S)
Batting: RHB Ernest Russell 0-0: Called Strike
0-1: Swinging Strike
0-2: Strikes out swinging
Bottom of the 8th over - 4 run(s), 6 hit(s), 0 error(s), 1 left on base; Albuquerque 3 - Santa Monica 13
TOP OF THE 9TH
Albuquerque Isotopes batting - Pitching for Santa Monica Bruins : RHP Mario Chávez
Batting: RHB Sam Wallace 0-0: Ball
1-0: Ground out 6-3 (Groundball, 6)
Batting: RHB Jesse McKnight 0-0: Ball
1-0: Ball
2-0: SINGLE (Groundball, 4MD)
Batting: RHB Gonzalo Gil 0-0: Called Strike
0-1: Called Strike
0-2: Ball
1-2: Ball
2-2: Strikes out swinging
Batting: SHB Clint Woods 0-0: Called Strike
0-1: Fly out, F8 (Line Drive, 78D)
Top of the 9th over - 0 run(s), 1 hit(s), 0 error(s), 1 left on base; Albuquerque 3 - Santa Monica 13
Tuesday, August 8th, 2017 - OOTP Baseball 17.12 Build 75